 Dungeon Crawl Stone Soup version 0.27-a0-34-gc18c9092ac (webtiles) character file.

Game seed: 3719746214484247996

90 funkygono the Digger (level 4, -1/24 HPs)
             Began as a Gargoyle Earth Elementalist on Jan 4, 2021.
             Killed by nerve-wracking pain
             ... invoked by a shadow imp
             ... summoned by Natasha
              (6 damage)
             ... on level 3 of the Dungeon on Jan 5, 2021.
             The game lasted 00:05:12 (2479 turns).

funkygono the Digger (Gargoyle Earth Elementalist)  Turns: 2479, Time: 00:05:13

Health: -1/24      AC:  9    Str: 13    XL:     4   Next: 56%
Magic:  8/8        EV: 12    Int: 15    God:
Gold:   83         SH:  0    Dex: 10    Spells: 4/8 levels left

rFire    . . .     SeeInvis .   r - +0 mace
rCold    . . .     Faith    .   (no shield)
rNeg     + . .     Spirit   .   c - +0 robe
rPois    ∞         Reflect  .   (no helmet)
rElec    +         Harm     .   l - +2 cloak
rCorr    .         Rampage  .   (no gloves)
Will     .....                  b - +0 pair of boots
Stlth    ++........             (no amulet)
HPRegen  0.08/turn              (no ring)
MPRegen  0.11/turn              (no ring)

@: slowed, very slow
A: negative energy resistance 1, electricity resistance, unbreathing,
petrification resistance, miasma immunity, AC +3
a: no special abilities


You were on level 3 of the Dungeon.
You visited 1 branch of the dungeon, and saw 3 of its levels.

You collected 83 gold pieces.

Inventory:

Hand Weapons
 e - a +1 club
 r - a +0 mace (weapon)
Missiles
 n - 10 stones (quivered)
Armour
 b - a +0 pair of boots (worn)
 c - a +0 robe (worn)
 l - a +2 cloak (worn)
Scrolls
 a - a scroll of remove curse
 d - a scroll of random uselessness {unknown}
 f - 2 scrolls of teleportation
Potions
 g - a potion of magic {unknown}
 h - a potion of attraction {unknown}
 i - a potion of berserk rage {unknown}
 j - 2 potions of curing
 k - a potion of might {unknown}
 o - a potion of mutation {unknown}
 p - a potion of brilliance {unknown}
 q - 2 potions of cancellation {unknown}


   Skills:
 + Level 0.4 Maces & Flails
 + Level 2.0 Dodging
 + Level 2.5 Stealth
 + Level 2.7 Spellcasting
 * Level 1.1 Conjurations
 + Level 0.7 Transmutations
 + Level 4.8 Earth Magic


You had 4 spell levels left.
You knew the following spells:

 Your Spells              Type           Power        Failure   Level
a - Sandblast             Erth           32%          2%          1
b - Stone Arrow           Conj/Erth      20%          19%         3

Your spell library contained the following spells:

 Spells                   Type           Power        Failure   Level
 Passwall                 Tmut/Erth      8%           10%         2
 Petrify                  Tmut/Erth      10%          54%         4
 Lee's Rapid Deconstruct  Erth           8%           61%         5


Dungeon Overview and Level Annotations

Branches:
Dungeon (3/15)

Altars:

Annotations:
D:3 Natasha


Innate Abilities, Weirdness & Mutations

You are resistant to torment.
Your stone body is resilient. (AC +3)
You are immune to poison.
You resist negative energy. (rN+)
You are resistant to electric shocks. (rElec)
You can survive without breathing.
You are immune to petrification.
You are immune to miasma.


Message History

The orc barely misses you. Natasha claws you but does no damage.
Natasha stares at you and mumbles some strange words.
The magic dart hits you! The orc hits you with a +0 hand axe.
Natasha claws you. The orc hits you but does no damage.
Natasha closely misses you. The orc hits you with a +0 hand axe.
* * * LOW HITPOINT WARNING * * *
Natasha mumbles some strange words.
Natasha howls an incantation.
You feel disoriented.
Natasha mumbles some strange words.
Natasha growls.
There is a stone staircase leading down here.
The orc hits you with a +0 hand axe.
* * * LOW HITPOINT WARNING * * *
The shadow imp closely misses you.
Natasha casts a spell.
The shadow imp gestures at you. Pain shoots through your body!
You die...

..........### ###
########..######.#
##...##....#
#....##.##.###
#....(#.#....##
#..#.5#.#.....####
#..#.o#...##.....#
##..##h#######.##.#
#...##55@......##.#
#...<######.......#
#.#########.#######
####.#.......#.#
######....#.#####)#.#
........###.# #.#.#
........# #.### #...#
........# #...# #####
........#####.#


You could see Natasha and 2 shadow imps.

Vanquished Creatures
  4 adders
  A worm (D:2)
  A dart slug (D:1)
  A leopard gecko (D:2)
  An orc (D:3)
  2 giant cockroaches
  9 goblins
  10 hobgoblins
  2 jackals (D:1)
  6 bats
  7 frilled lizards
  2 kobolds
  4 rats
50 creatures vanquished.

Notes
Turn   | Place    | Note
-------+----------+-------------------------------------------
     0 | D:1      | funkygono the Gargoyle Earth Elementalist began the quest
                  | for the Orb.
     0 | D:1      | Reached XP level 1. HP: 10/10 MP: 3/3
    61 | D:1      | Reached skill level 4 in Earth Magic
    66 | D:1      | Reached XP level 2. HP: 12/15 MP: 0/5
   698 | D:1      | Reached XP level 3. HP: 19/19 MP: 3/6
   880 | D:1      | Learned a level 3 spell: Stone Arrow
  2037 | D:2      | Reached XP level 4. HP: 24/24 MP: 4/7
  2366 | D:3      | Reached skill level 1 in Conjurations
  2458 | D:3      | Noticed Natasha
  2479 | D:3      | Killed from afar by a shadow imp

Illustrated notes

Levels and vault maps discovered:
D:1:      moated_graveyard_arrival, layout_basic, minmay_unequal
D:2:      layout_loops_cross
D:3:      layout_basic, uniq_natasha

Skill      XL: |  1  2  3  4 |
---------------+-------------+-----
Earth Magic    | 4 |  4.8
Dodging        | 2 |  2.0
Conjurations   | 1 |  1.1
Maces & Flails | |  0.4
Stealth        | |  2.5
Spellcasting   | |  2.7
Transmutations | |  0.7

Action                   |  1- 3 |  4- 6 || total
-------------------------+-------+-------++-------
Melee: Club              |    50 |     9 ||    59
       Unarmed           |     1 |       ||     1
 Cast: Sandblast         |    33 |    11 ||    44
       Stone Arrow       |    12 |       ||    12
  Use: Scroll            |     6 |     1 ||     7
Armor: Robe              |    22 |     4 ||    26
Dodge: Dodged            |    38 |    11 ||    49

Table legend: (Time is in decaauts)
 A = Elapsed time spent in this place.
 B = Non-inter-level travel time spent in this place.
 C = Inter-level travel time spent in this place.
 D = Time resting spent in this place.
 E = Time spent auto-exploring this place.
 F = Levels seen in this place.
 G = Mean time per level.
                   A        B        C        D        E       F      G
               +--------+--------+--------+--------+--------+-----+--------+
         Total |   2504 |   2465 |     39 |      0 |   2079 |   3 |  834.7 |
       Dungeon |   2504 |   2465 |     39 |      0 |   2079 |   3 |  834.7 |
               +--------+--------+--------+--------+--------+-----+--------+

Top non-repeatable levels by time:
     D:1: 1309 daAuts
     D:2: 995 daAuts
     D:3: 199 daAuts
